 Dungeon Crawl Stone Soup version 0.31-a0-150-g89dc3ad700 (webtiles) character file.

Game seed: 8010655505796114917

31 qw the Shooter (level 3, 0/31 HPs)
             Began as a Minotaur Hunter on June 8, 2023.
             Succumbed to a goblin's poison
             ... on level 2 of the Dungeon.
             The game lasted 00:00:32 (1332 turns).

qw the Shooter (Minotaur Hunter)                    Turns: 1332, Time: 00:00:32

Health: 0/31       AC:  3    Str: 15    XL:     3   Next: 7%
Magic:  2/2        EV: 12    Int:  6    God:
Gold:   72         SH:  0    Dex: 15    Spells: 2/2 levels left

rFire   . . .        Y - +1 shortbow
rCold   . . .        (shield currently unavailable)
rNeg    . . .        c - +0 leather armour
rPois   .            (helmet restricted)
rElec   .            (no cloak)
rCorr   .            (no gloves)
SInv    .            (no boots)
Will    .....        (no amulet)
Stlth   +            (no ring)
HPRegen 0.25/turn    (no ring)
MPRegen 0.08/turn

%: no passive effects
@: lethally poisoned (0 -> -2)
A: horns 2, retaliatory headbutt
a: no special abilities


You were on level 2 of the Dungeon.
You visited 1 branch of the dungeon, and saw 2 of its levels.

You collected 72 gold pieces.


Innate Abilities, Weirdness & Mutations

You have a pair of horns on your head.
You reflexively headbutt those who attack you in melee.


   Skills:
 - Level 3.0 Fighting
 + Level 5.2 Ranged Weapons
 - Level 2.1 Dodging
 - Level 0.7 Stealth


You had 2 spell levels left.
You didn't know any spells.
Your spell library was empty.

Inventory:

Hand Weapons
 Y - a +1 shortbow (weapon)
Armour
 c - a +0 leather armour (worn)
Scrolls
 a - a scroll of fear {unknown}
Potions
 b - a potion of berserk rage {unknown}
 i - a potion of heal wounds {unknown}
 k - a potion of lignification {unknown}

Dungeon Overview and Level Annotations

Branches:
Dungeon (2/15)

Altars:


Message History

You shoot an arrow. The arrow hits the goblin.
The goblin is severely wounded.
A bat comes into view.
The goblin hits you with a +1 dagger of venom.
You are poisoned.
A hobgoblin comes into view.
You shoot an arrow. The arrow closely misses the goblin.
The arrow hits the bat.
The bat is heavily wounded.
You feel very sick.
The goblin hits you with a +1 dagger of venom.
You are more poisoned.
You shoot an arrow. The arrow hits the goblin.
You kill the goblin!
You feel very sick. The bat hits you.
You shoot an arrow. The arrow closely misses the bat.
The arrow closely misses the hobgoblin.
You feel very sick. The bat closely misses you.
You shoot an arrow. The arrow closely misses the hobgoblin.
You feel very sick. The hobgoblin hits you.
You shoot an arrow.
The arrow completely misses the hobgoblin.
The arrow closely misses the bat.
You feel sick. The hobgoblin barely misses you. You furiously retaliate!
You headbutt the hobgoblin. You shoot an arrow.
The arrow hits the hobgoblin but does no damage.
The hobgoblin is heavily wounded.
You feel sick. The hobgoblin closely misses you. You furiously retaliate!
You headbutt the hobgoblin.
You kill the hobgoblin!
The bat hits you but does no damage.
You shoot an arrow. The arrow closely misses the bat.
You feel sick. The bat barely misses you.
You shoot an arrow. The arrow completely misses the bat.
You feel sick. The bat hits you but does no damage.
You shoot an arrow. The arrow barely misses the bat.
You die...

........[...##
##...)...#..#
#.#.....###.# #
##.#..#%# #.# (#
##.#..#.###.# ...
.........##.# ....
...#.##..##.# .....
##.#.##..##.######......
##.#............@b......
...###.#..########......
...# #.#..# ..... #.##
#.#..# .... #.####.#..#
... ..........# .#
.......##.# #
#.#######.# #..# #.#


You could see a bat.

Vanquished Creatures
  3 endoplasms
  A giant cockroach (D:1)
  5 hobgoblins
  4 ball pythons
  6 bats (D:2)
  2 frilled lizards (D:2)
  5 goblins
  2 kobolds (D:2)
  2 rats (D:1)
30 creatures vanquished.

Notes
Turn   | Place    | Note
-------+----------+-------------------------------------------
     0 | D:1      | qw the Minotaur Hunter began the quest for the Orb.
     0 | D:1      | Reached XP level 1. HP: 18/18 MP: 0/0
     0 | D:1      | 0 ||| qw: Version: 0.2-a-120-ga58a385
     0 | D:1      | 0 ||| qw: Game counter: 2941
     0 | D:1      | 0 ||| qw: Always use a shield: true
     0 | D:1      | 0 ||| qw: God list: Okawaru
     0 | D:1      | 0 ||| qw: Allow faded altars: false
     0 | D:1      | 0 ||| qw: Do Orc after D:15 true
     0 | D:1      | 0 ||| qw: Do second Lair branch before Depths: true
     0 | D:1      | 0 ||| qw: Lair rune preference: random
     0 | D:1      | 0 ||| qw: Plans: Normal
     0 | D:1      | 0 ||| PLANNING D:1-11
   431 | D:1      | Reached XP level 2. HP: 25/25 MP: 1/1
   731 | D:1      | Reached skill level 5 in Ranged Weapons
   938 | D:1      | 938 ||| DROPPING ring of magical power.
   939 | D:1      | 939 ||| READING scroll labelled WUGINI KEUPTAI.
   940 | D:1      | 940 ||| READING scroll labelled CULESACHAG.
   941 | D:1      | 941 ||| READING scroll labelled PASANNI ZOGUSU.
   942 | D:1      | 942 ||| READING scroll labelled WEUHUESUBO.
   946 | D:1      | 946 ||| READING scroll labelled ZAEJOR EDUNG.
   947 | D:1      | 947 ||| DROPPING scroll of butterflies.
   949 | D:1      | 949 ||| Stepping ~*~*~tactically~*~*~ (cloud).
  1148 | D:2      | Reached skill level 3 in Fighting
  1265 | D:2      | Reached XP level 3. HP: 31/31 MP: 2/2
  1327 | D:2      | HP: 7/31 [hobgoblin (1)]
  1330 | D:2      | HP: 3/31 [poisoned by a goblin]
  1331 | D:2      | HP: 1/31 [poisoned by a goblin]
  1332 | D:2      | Succumbed to a goblin's poison

Levels and vault maps discovered:
D:1:      dpeg_arrival_renting, layout_loops_corners, roderic_lattice_a
D:2:      layout_loops_ring, minmay_tetromino_s2

Skill      XL: |  1  2 |
---------------+-------+-----
Ranged Weapons | 5 |  5.2
Fighting       | 3 |  3.0
Dodging        | |  2.1
Stealth        | |  0.7

Action                     || total
---------------------------++-------
   Fire: Shortbow          ||    72
    Use: Scroll            ||     5
 Armour: Leather armour    ||     6
  Dodge: Dodged            ||    14

Table legend:
 A = Non-vault XP
 B = Vault XP
 C = Vault XP percentage of total XP
 D = Non-vault monster count
 E = Vault monster count
 F = Vault count percentage of total count
                 A         B        C        D         E       F
            +---------+---------+-------+---------+---------+-------
      Total |      44 |       1 |   2.2 |      29 |       1 |   3.3
            +---------+---------+-------+---------+---------+-------
        D:1 |      16 |       0 |   0.0 |      10 |       0 |   0.0
        D:2 |      28 |       1 |   3.4 |      19 |       1 |   5.0
            +---------+---------+-------+---------+---------+-------
